 Dungeon Crawl Stone Soup version 0.23.2-40-g277498a001 (webtiles) character file.

Game seed: 6565480975788416006

25624 FishyPogo the Protected (level 13, -5/117 HPs)
             Began as a Hill Orc Berserker on Aug 14, 2019.
             Was a High Priest of Trog.
             Succumbed to a soldier ant's poison
             ... on level 1 of the Lair of Beasts on Aug 15, 2019.
             The game lasted 01:15:42 (16623 turns).

FishyPogo the Protected (Hill Orc Berserker)       Turns: 16623, Time: 01:15:43

Health: -5/117     AC: 13    Str: 23    XL:     13   Next: 20%
Magic:  16/16      EV: 13    Int:  7    God:    Trog [*****.]
Gold:   1023       SH:  0    Dex: 14    Spells: 12/12 levels left

rFire    + . .     SeeInvis .   a - +4 dire flail of the Shallot {venom, rF+ Dex+2}
rCold    . . .     Gourm    .   (shield currently unavailable)
rNeg     + . .     Faith    .   m - +0 ring mail
rPois    .         Spirit   .   (no helmet)
rElec    .         Reflect  .   u - +0 cloak (curse)
rCorr    .         Harm     .   (no gloves)
MR       .....                  (no boots)
Stlth    +.........             (no amulet)
HPRegen  0.29/turn              p - ring of positive energy
MPRegen  0.15/turn              (no ring)

@: lethally poisoned (-5 -> -32), berserk cooldown, very slightly contaminated,
slowed, very slow
A: icy blue scales 1, yellow scales 1, blink, low mp 1
a: Blink, Berserk, Trog's Hand, Brothers in Arms, Renounce Religion


You were on level 1 of the Lair of Beasts.
You worshipped Trog.
Trog was extremely pleased with you.
You were very hungry.

You visited 2 branches of the dungeon, and saw 14 of its levels.

You collected 1023 gold pieces.

Inventory:

Hand Weapons
 a - the +4 dire flail of the Shallot (weapon) {venom, rF+ Dex+2}
   (You found it on level 12 of the Dungeon)

   It poisons the flesh of those it strikes.
   It affects your dexterity (+2).
   It protects you from fire.
 b - a +5 dire flail of protection
 v - a +0 hand axe of flaming
 D - the +5 halberd of Collusion {chop, rF+ rN+ Int-4 Stlth+}
   (You found it on level 8 of the Dungeon)

   It inflicts extra damage upon your enemies.
   It affects your intelligence (-4).
   It protects you from fire.
   It protects you from negative energy.
   It makes you more stealthy.
 I - a +4 long sword
Missiles
 g - 422 stones (quivered)
 q - 4 javelins of returning
 x - 18 tomahawks
Armour
 i - a +1 leather armour of fire resistance
 m - a +0 ring mail (worn)
 u - a cursed +0 cloak (worn)
 z - a +2 robe of magic resistance
 E - a scarf of spirit shield
Jewellery
 d - an uncursed ring of ice
 p - a ring of positive energy (left hand)
 J - an uncursed ring of magical power
Wands
 h - a wand of disintegration (10)
 t - a wand of iceblast (6)
 y - a wand of scattershot (1)
Scrolls
 e - 3 scrolls of amnesia
 f - 11 scrolls of identify
 j - 4 scrolls of enchant armour
 k - 10 scrolls of remove curse {unknown}
 w - a scroll of blinking
 C - 3 scrolls of fear
 G - a scroll of magic mapping
Potions
 l - 3 potions of lignification
 n - a potion of flight
 o - 5 potions of curing
 r - 3 potions of agility
 B - a potion of brilliance
 F - a potion of berserk rage
 H - 2 potions of invisibility {unknown}
Comestibles
 c - 27 rations


   Skills:
 + Level 11.7 Fighting
 - Level 6.1 Long Blades
 + Level 2.3(8.9) Axes
 + Level 11.2 Maces & Flails
 + Level 5.2 Throwing
 * Level 13.3 Armour
 - Level 4.2 Dodging
 + Level 7.3 Evocations


You had 12 spell levels left.
You didn't know any spells.
Your spell library was empty.

Dungeon Overview and Level Annotations

Branches:
Dungeon (12/15)            Temple (0/1) D:4            Lair (2/6) D:10
    Orc (0/2) D:10
  Swamp: Lair:2-4    Shoals: Lair:2-4     Snake: Lair:2-4    Spider: Lair:2-4

Altars:
Ashenzari
Cheibriados
Gozag
Kikubaaqudgha
Nemelex Xobeh
Okawaru
Qazlal
Ru
Sif Muna
Trog
Uskayaw
Xom
Yredelemnul
The Shining One

Annotations:
D:6 2 transporters, DildoBatman's ghost, novice FoWz
D:10 2 transporters, NochnoyZador's ghost, journeyman GrGl
D:11 3 runed translucent doors, grerr's ghost, journeyman OpVM
Lair:2 exclusion: 2 oklob plants


Innate Abilities, Weirdness & Mutations

You are partially covered in icy blue scales. (AC +2)
You are partially covered in yellow scales. (AC +2)
You can translocate small distances at will.
Your magical capacity is low. (-10% MP)


Message History

The worker ant twitches its antennae in your direction.
The soldier ant stings you.
* * * LOW HITPOINT WARNING * * *
You are lethally poisoned!
The soldier ant poisons you!
* * * LOW HITPOINT WARNING * * *
You feel very sick. The worker ant misses you.
* * * LOW HITPOINT WARNING * * *
You feel very sick.
* * * LOW HITPOINT WARNING * * *
You feel very sick.
There is a stone staircase leading up, spattered with blood here.
* * * LOW HITPOINT WARNING * * *
You feel sick. The soldier ant stings you.
* * * LOW HITPOINT WARNING * * *
You are more poisoned.
The soldier ant poisons you! The soldier ant barely misses you.
You climb upwards.
You die...

.................................
..#.##.#..#.###.............##.##
..######..### #.............####
..#####...## #.............#
..P##P##...####.............# #
..............#...#.........# #
.............##.8.#.........# #
.............#.....#...##...# ###
####...##P...#8a@.8#..P###..###.#
#...###...#.....#..###P.......
####...##....##...#..............
......#....#.#....##..##.#.######
....##.....##......###.....####
....#....#..#.......#.##.#....###
..#.+.......#.#.....#............
..#.#...8.....#.8.#.'...8........
..#........##.#.....#.......'....


You could see a soldier ant.

Vanquished Creatures
  2 hydras
  Erolcha (D:9)
  2 two-headed ogres
  A wizard (D:12)
  Pikel (D:9)
  2 orc sorcerers (D:12)
  An ugly thing (D:11)
  2 elephants (Lair:2)
  2 manticores
  A centaur zombie (D:11)
  A black mamba (Lair:2)
  3 spiny frogs
  A kobold demonologist (D:11)
  3 komodo dragons
  A rime drake (Lair:1)
  2 trolls
  3 hippogriffs
  2 dream sheep (D:8)
  A vampire (D:12)
  A wyvern (D:12)
  A wraith (D:10)
  16 yaks
  A basilisk (Lair:1)
  3 vampire mosquitoes (D:12)
  A hungry ghost (D:10)
  9 soldier ants
  Edmund (D:5)
  8 orc warriors
  5 ice beasts
  5 porcupines
  4 water moccasins
  4 slaves (D:9)
  5 black bears
  4 phantoms
  2 sky beasts
  7 centaurs
  7 wolves (Lair:1)
  4 ogres
  5 crocodiles
  7 big kobolds
  10 bullfrogs
  A wyvern zombie (D:12)
  3 scorpions
  A water moccasin skeleton (D:4)
  A wyvern skeleton (D:12)
  10 killer bees (D:11)
  16 wights
  4 howler monkeys
  An electric eel (Lair:1)
  6 crimson imps
  2 jellies (D:7)
  8 hounds
  16 orc wizards
  3 bullfrog skeletons
  8 orc priests
  4 iguanas
  15 worker ants
  2 hound zombies
  A hound skeleton (D:9)
  8 gnolls
  12 adders
  4 shadow imps
  2 oozes
  An adder skeleton (D:7)
  An adder zombie (D:7)
  5 worms
  A dart slug (D:1)
  6 leopard geckos
  83 orcs
  6 bats
  7 giant cockroaches
  10 goblins
  8 hobgoblins
  4 jackals (D:1)
  4 quokkas
  A ball python (D:5)
  5 frilled lizards
  A jackal zombie (D:4)
  28 kobolds
  A quokka zombie (D:8)
  10 rats
  A spectral orc (D:2)
  A fungus (D:10)
454 creatures vanquished.

Vanquished Creatures (collateral kills)
  An orc knight (D:11)
  2 orc warriors (D:11)
  2 orcs (D:11)
5 creatures vanquished.

Vanquished Creatures (others)
  A bush (Lair:2)
  28 fungi
  5 plants
34 creatures vanquished.

Grand Total: 493 creatures vanquished

Notes
Turn   | Place    | Note
-------+----------+-------------------------------------------
     0 | D:1      | FishyPogo the Hill Orc Berserker began the quest for the
                  | Orb.
     0 | D:1      | Reached XP level 1. HP: 19/19 MP: 1/1
   294 | D:1      | Reached XP level 2. HP: 7/27 MP: 2/2
   926 | D:1      | Reached XP level 3. HP: 33/33 MP: 3/3
  1128 | D:1      | Reached ** piety under Trog
  2018 | D:1      | Reached XP level 4. HP: 29/40 MP: 4/4
  2405 | D:2      | Found a basalt altar of Yredelemnul.
  2520 | D:3      | Reached skill level 3 in Armour
  3114 | D:3      | Reached *** piety under Trog
  3306 | D:4      | Found a shimmering altar of Xom.
  3417 | D:4      | Reached XP level 5. HP: 44/46 MP: 5/5
  3449 | D:4      | Found a glowing golden altar of the Shining One.
  3449 | D:4      | Found a snail-covered altar of Cheibriados.
  3878 | D:4      | Reached XP level 6. HP: 27/53 MP: 6/6
  4333 | D:4      | Reached skill level 5 in Long Blades
  4392 | D:4      | Found a staircase to the Ecumenical Temple.
  5013 | D:5      | Entered Level 5 of the Dungeon
  5162 | D:5      | Reached skill level 5 in Fighting
  5162 | D:5      | Reached XP level 7. HP: 51/61 MP: 7/7
  5242 | D:5      | Gained mutation: You are partially covered in icy blue
                  | scales. (AC +2) [potion of mutation]
  5242 | D:5      | Gained mutation: You can translocate small distances at
                  | will. [potion of mutation]
  5242 | D:5      | Gained mutation: Your magical capacity is low. (-10% MP)
                  | [potion of mutation]
  5242 | D:5      | Gained mutation: You are partially covered in yellow
                  | scales. (AC +2) [potion of mutation]
  5297 | D:5      | Reached skill level 4 in Armour
  5463 | D:5      | Noticed Edmund
  5492 | D:5      | Killed Edmund
  5830 | D:5      | Reached skill level 1 in Maces & Flails
  5860 | D:5      | Found an opulent altar of Gozag.
  5966 | D:5      | Reached XP level 8. HP: 63/69 MP: 7/7
  6575 | D:6      | Noticed a vampire
  6717 | D:6      | Reached skill level 1 in Throwing
  6763 | D:6      | Reached skill level 5 in Armour
  6794 | D:6      | Found a transporter.
  6794 | D:6      | Noticed DildoBatman's ghost (novice FoWz)
  6833 | D:6      | Found an iron altar of Okawaru.
  6975 | D:6      | Found a transporter.
  7023 | D:6      | Found a sacrificial altar of Ru.
  7667 | D:7      | Reached skill level 6 in Armour
  7735 | D:7      | Noticed a hippogriff
  7756 | D:7      | Killed a hippogriff
  7756 | D:7      | Reached XP level 9. HP: 54/78 MP: 8/8
  7763 | D:7      | Reached **** piety under Trog
  7834 | D:7      | Reached skill level 5 in Maces & Flails
  7884 | D:7      | Found a stormy altar of Qazlal.
  8279 | D:8      | Noticed a two-headed ogre
  8288 | D:8      | Killed a two-headed ogre
  8288 | D:8      | Reached skill level 7 in Armour
  8460 | D:8      | Identified the +3 quarterstaff of Crystal {antimagic,
                  | Fragile rPois rC+ Int+7}
  8646 | D:8      | Reached XP level 10. HP: 73/88 MP: 9/9
  8650 | D:8      | Found a hide-covered altar of Uskayaw.
  8805 | D:8      | Reached skill level 8 in Armour
  8838 | D:8      | Reached skill level 1 in Evocations
  8887 | D:8      | Reached ***** piety under Trog
  8950 | D:8      | Noticed a two-headed hydra
  8958 | D:8      | HP: 2/90 [two-headed hydra (9)]
  8968 | D:8      | Killed a two-headed hydra
  8968 | D:8      | Reached skill level 9 in Armour
  9007 | D:8      | Got a polished halberd
  9008 | D:8      | Identified the +5 halberd of Collusion {chop, rF+ rN+ Int-4
                  | Stlth+} (You found it on level 8 of the Dungeon)
  9475 | D:8      | Found a sparkling altar of Nemelex Xobeh.
  9478 | D:8      | Found an ancient bone altar of Kikubaaqudgha.
  9498 | D:8      | Found a shattered altar of Ashenzari.
  9509 | D:8      | Found a deep blue altar of Sif Muna.
  9691 | D:9      | Received a gift from Trog
  9880 | D:9      | Noticed Erolcha
  9908 | D:9      | Killed Erolcha
  9908 | D:9      | Reached skill level 10 in Armour
  9908 | D:9      | Reached XP level 11. HP: 97/97 MP: 12/12
  9998 | D:9      | Noticed Pikel
 10004 | D:9      | Killed Pikel
 10342 | D:10     | Entered Level 10 of the Dungeon
 10415 | D:10     | Noticed a cyclops
 10584 | D:10     | Found a staircase to the Lair.
 10635 | D:10     | Reached skill level 10 in Fighting
 10853 | D:10     | Found a staircase to the Orcish Mines.
 10864 | D:10     | Received a gift from Trog
 10865 | D:10     | Got a translucent short sword {god gift}
 11161 | D:10     | Noticed a moth of wrath
 11161 | D:10     | Noticed NochnoyZador's ghost (journeyman GrGl)
 11167 | D:10     | Found a transporter.
 11168 | D:10     | Found a bloodstained altar of Trog.
 11175 | D:10     | Found a transporter.
 11223 | D:10     | Identified the +4 broad axe of Vof Nawa {venom, MR+}
 11223 | D:10     | Noticed an orc knight
 11230 | D:10     | Identified the +8 short sword of Los Ock {pierce, Dex+4}
                  | (Trog gifted it to you on level 10 of the Dungeon)
 11294 | D:11     | Noticed a two-headed ogre
 11301 | D:11     | Killed a two-headed ogre
 11301 | D:11     | Reached skill level 11 in Armour
 11301 | D:11     | Reached skill level 5 in Evocations
 11352 | D:11     | Noticed a minotaur
 11378 | D:11     | Noticed a brown ugly thing
 11390 | D:11     | Killed a brown ugly thing
 11429 | D:11     | Noticed a sun demon
 11508 | D:11     | Noticed grerr's ghost (journeyman OpVM)
 11517 | D:11     | Noticed a manticore
 11527 | D:11     | Killed a manticore
 11527 | D:11     | Reached skill level 10 in Maces & Flails
 11558 | D:11     | Found a runed translucent gate.
 11558 | D:11     | Found a runed translucent gate.
 11558 | D:11     | Found a runed translucent gate.
 12023 | D:11     | Reached XP level 12. HP: 108/108 MP: 14/14
 12190 | D:11     | Received a gift from Trog
 12762 | D:11     | Reached skill level 12 in Armour
 12921 | Lair:1   | Entered Level 1 of the Lair of Beasts
 14392 | D:12     | Found an ancient bone altar of Kikubaaqudgha.
 15107 | D:12     | Got a dazzling dire flail
 15130 | D:12     | Noticed a sun demon
 15132 | D:12     | Identified the +4 dire flail of the Shallot {venom, rF+
                  | Dex+2} (You found it on level 12 of the Dungeon)
 15513 | D:12     | Received a gift from Trog
 15682 | Lair:2   | Reached skill level 13 in Armour
 15711 | Lair:2   | Reached XP level 13. HP: 99/116 MP: 16/16
 15751 | Lair:2   | Reached skill level 5 in Throwing
 16145 | Lair:1   | Reached skill level 1 in Axes
 16622 | Lair:2   | HP: 1/117 [soldier ant (6)]
 16623 | Lair:1   | Succumbed to a soldier ant's poison

Skill      XL: |  1  2  3  4  5  6  7  8  9 10 11 12 13 |
---------------+----------------------------------------+-----
Dodging        | 2 3 4 |  4.2
Fighting       | 4 5 6 8 9 10 11 | 11.7
Long Blades    | 4 5 6 |  6.1
Armour         | 3 4 6 7 10 11 13 | 13.3
Maces & Flails | 1 4 7 9 10 11 | 11.2
Throwing       | 2 3 4 5 |  5.2
Evocations     | 3 5 6 7 |  7.3
Axes           | 2 |  2.3

Action                   |  1- 3 |  4- 6 |  7- 9 | 10-12 | 13-15 || total
-------------------------+-------+-------+-------+-------+-------++-------
Melee: Falchion          |   135 |   232 |   208 |       |       ||   575
       Dire flail        |       |       |   148 |   787 |    99 ||  1034
       Long sword        |       |       |       |    71 |       ||    71
Throw: Stone             |    30 |     8 |    51 |    27 |    13 ||   129
       Javelin           |       |       |       |    36 |     3 ||    39
Invok: Berserk           |     1 |       |     4 |    17 |     1 ||    23
       Trog's Hand       |       |       |       |     4 |       ||     4
       Brothers in Arms  |       |       |       |     1 |       ||     1
 Abil: Blink             |       |       |     2 |     2 |       ||     4
Evoke: Wand              |       |       |       |     1 |       ||     1
  Use: Potion            |       |       |     4 |     7 |       ||    11
       Scroll            |       |       |    13 |     3 |     6 ||    22
 Stab: Sleeping          |     1 |     2 |       |       |       ||     3
  Eat: Chunk             |     4 |    11 |    16 |    41 |     3 ||    75
Armor: Animal skin       |    25 |    10 |       |       |       ||    35
       Ring mail         |       |    40 |   157 |   356 |    73 ||   626
       Skin              |       |       |       |    11 |       ||    11
Dodge: Dodged            |    82 |   141 |   218 |   477 |    92 ||  1010
       Rpst.: Falchion   |    20 |    48 |    46 |       |       ||   114
       Long sword        |       |       |       |    19 |       ||    19
